PBL
HOUSTON COLT .45'S @ VICTORIA CAPITALS
08/30/2049
 
TOP OF THE 1ST
Houston Colt .45's batting - Pitching for Victoria Capitals : RHP Bill Van Buskirk
Pitching: RHP Bill Van Buskirk
Batting: RHB Ralph Baltimore 0-0: Ground out 6-3 (Groundball, 56, EV 84.4 MPH)
Batting: RHB Jonathan Rausch 0-0: Ball
1-0: Foul Ball, location: 2F
1-1: Swinging Strike
1-2: Ball
2-2: Strikes out swinging
Batting: RHB Devon Healy 0-0: Ball
1-0: Ball
2-0: Foul Ball, location: 2F
2-1: Called Strike
2-2: Foul Ball, location: 2F
2-2: Fly out, F9 (Flyball, 89S, EV 85.0 MPH)
Top of the 1st over - 0 runs, 0 hits, 0 errors, 0 left on base; Houston 0 - Victoria 0
BOTTOM OF THE 1ST
Victoria Capitals batting - Pitching for Houston Colt .45's : LHP Rich Miller
Pitching: LHP Rich Miller
Batting: RHB Mike Reynolds 0-0: Ball
1-0: Swinging Strike
1-1: Foul Ball, location: 2F
1-2: Strikes out swinging
Batting: RHB Antonio Arechiga 0-0: Ball
1-0: Fly out, F6 (Popup, 6S, EV 65.6 MPH)
Batting: RHB Nick Ellis 0-0: Ball
1-0: Ball
2-0: Ball
3-0: Called Strike
3-1: Base on Balls
Batting: RHB Hyeon-cheong Lee 0-0: Ball
1-0: Ball
2-0: Fly out, F8 (Line Drive, 8RD, EV 95.0 MPH)
Bottom of the 1st over - 0 runs, 0 hits, 0 errors, 1 left on base; Houston 0 - Victoria 0
TOP OF THE 2ND
Houston Colt .45's batting - Pitching for Victoria Capitals : RHP Bill Van Buskirk
Batting: LHB Vecdi Hodensack 0-0: Called Strike
0-1: Foul Ball, location: 2F
0-2: Foul Ball, location: 2F
0-2: Ball
1-2: Ball
2-2: Strikes out swinging
Batting: RHB Doug Dark 0-0: Called Strike
0-1: Foul Ball, location: 2F
0-2: Strikes out swinging
Batting: RHB Jay Hussey 0-0: SINGLE (Line Drive, 56, EV 96.9 MPH)
Batting: LHB Casper Significant 0-0: Foul Ball, location: 2F
0-1: Ball
1-1: Fielders Choice at 2nd, 6-4 (Groundball, 6, EV 80.6 MPH)
Top of the 2nd over - 0 runs, 1 hit, 0 errors, 1 left on base; Houston 0 - Victoria 0
BOTTOM OF THE 2ND
Victoria Capitals batting - Pitching for Houston Colt .45's : LHP Rich Miller
Batting: SHB Rich Roberts 0-0: Ball
1-0: Ball
2-0: Ball
3-0: Base on Balls
Batting: LHB Willard Balcome 0-0: Ball
1-0: Ball
2-0: Called Strike
2-1: Ball
3-1: Foul Ball, location: 2F
3-2: Fly out, F8 (Flyball, 8LD, EV 92.5 MPH)
Batting: RHB Ray Wathey 0-0: Ball
1-0: Foul Ball, location: 2F
1-1: SINGLE (Flyball, 7LS, EV 90.0 MPH)
Rich Roberts to second
Batting: LHB Mike Jones 0-0: Ball
Wild Pitch!
Rich Roberts to third
Ray Wathey to second
1-0: Ground out 5-3 (Groundball, 5S, EV 60.6 MPH)
Batting: RHB Josh Rentz 0-0: Called Strike
0-1: Fly out, F6 (Flyball, 56D, EV 90.6 MPH)
Bottom of the 2nd over - 0 runs, 1 hit, 0 errors, 2 left on base; Houston 0 - Victoria 0
TOP OF THE 3RD
Houston Colt .45's batting - Pitching for Victoria Capitals : RHP Bill Van Buskirk
Batting: LHB Pappy Sterile 0-0: Foul Ball, location: 2F
0-1: Foul Ball, location: 2F
0-2: Ball
1-2: Ball
2-2: Ground out 4-3 (Groundball, 4, EV 86.2 MPH)
Batting: RHB Chris Jordan 0-0: Called Strike
0-1: Called Strike
0-2: Ball
1-2: Ball
2-2: Strikes out swinging, 2-3 out at first.
Batting: RHB Ralph Baltimore 0-0: Called Strike
0-1: Ball
1-1: Ball
2-1: SINGLE (Line Drive, 7LS, EV 88.1 MPH)
Batting: RHB Jonathan Rausch 0-0: Called Strike
0-1: Fielders Choice at 2nd, 6-4 (Groundball, 6, EV 103.1 MPH)
Top of the 3rd over - 0 runs, 1 hit, 0 errors, 1 left on base; Houston 0 - Victoria 0
BOTTOM OF THE 3RD
Victoria Capitals batting - Pitching for Houston Colt .45's : LHP Rich Miller
Batting: RHB Mike Reynolds 0-0: Ball
1-0: Foul Ball, location: 2F
1-1: Ground out 5-3 (Groundball, 5, EV 87.5 MPH)
Batting: RHB Antonio Arechiga 0-0: Called Strike
0-1: Foul Ball, location: 2F
0-2: Ball
1-2: Strikes out swinging, 2-3 out at first.
Batting: RHB Nick Ellis 0-0: Fly out, F8 (Flyball, 78S, EV 90.6 MPH)
Bottom of the 3rd over - 0 runs, 0 hits, 0 errors, 0 left on base; Houston 0 - Victoria 0
TOP OF THE 4TH
Houston Colt .45's batting - Pitching for Victoria Capitals : RHP Bill Van Buskirk
Batting: RHB Devon Healy 0-0: Ball
1-0: Called Strike
1-1: Called Strike
1-2: Foul Ball, location: 2F
1-2: Strikes out swinging
Batting: LHB Vecdi Hodensack 0-0: Ball
1-0: Called Strike
1-1: Ball
2-1: Ball
3-1: Swinging Strike
3-2: Base on Balls
Batting: RHB Doug Dark 0-0: SINGLE (Line Drive, 5D, EV 96.2 MPH)
Vecdi Hodensack to second
Batting: RHB Jay Hussey 0-0: Fly out, F8 (Flyball, 8LM, EV 83.1 MPH)
Batting: LHB Casper Significant 0-0: Foul Ball, location: 2F
0-1: Ball
1-1: Swinging Strike
1-2: Ball
2-2: Fly out, F9 (Flyball, 9LD, EV 77.5 MPH)
Top of the 4th over - 0 runs, 1 hit, 0 errors, 2 left on base; Houston 0 - Victoria 0
BOTTOM OF THE 4TH
Victoria Capitals batting - Pitching for Houston Colt .45's : LHP Rich Miller
Batting: RHB Hyeon-cheong Lee 0-0: Ball
1-0: Foul Ball, location: 2F
1-1: Ball
2-1: Ball
3-1: Called Strike
3-2: Fly out, F9 (Line Drive, 9S, EV 95.6 MPH)
Batting: SHB Rich Roberts 0-0: Ball
1-0: Ball
2-0: Ball
3-0: Base on Balls
Batting: LHB Willard Balcome 0-0: Ball
1-0: Called Strike
1-1: Called Strike
1-2: Hit by Pitch
Rich Roberts to second
Batting: RHB Ray Wathey 0-0: Ball
1-0: Called Strike
1-1: Reached on error, E4 (Groundball, 4S, EV 82.5 MPH)
Rich Roberts to third
Willard Balcome to second
Batting: LHB Mike Jones 0-0: Grounds into double play, 4-6-3 (Groundball, 34, EV 83.8 MPH)
Bottom of the 4th over - 0 runs, 0 hits, 1 error, 2 left on base; Houston 0 - Victoria 0
TOP OF THE 5TH
Houston Colt .45's batting - Pitching for Victoria Capitals : RHP Bill Van Buskirk
Batting: LHB Pappy Sterile 0-0: Called Strike
0-1: Ball
1-1: Ball
2-1: Fly out, F8 (Flyball, 8LD, EV 83.8 MPH)
Batting: RHB Chris Jordan 0-0: Foul Ball, location: 2F
0-1: Foul Ball, location: 2F
0-2: Foul Ball, location: 2F
0-2: Fly out, F8 (Flyball, 8LD, EV 96.2 MPH)
Batting: RHB Ralph Baltimore 0-0: Ball
1-0: Ground out 5-3 (Groundball, 56S, EV 91.9 MPH)
Top of the 5th over - 0 runs, 0 hits, 0 errors, 0 left on base; Houston 0 - Victoria 0
BOTTOM OF THE 5TH
Victoria Capitals batting - Pitching for Houston Colt .45's : LHP Rich Miller
Batting: RHB Josh Rentz 0-0: Ball
1-0: Foul Ball, location: 2F
1-1: Ball
2-1: Ball
3-1: Fly out, F5 (Line Drive, 5L, EV 68.8 MPH)
Batting: RHB Mike Reynolds 0-0: Foul Ball, location: 2F
0-1: Called Strike
0-2: Ball
1-2: Foul Ball, location: 2F
1-2: Ball
2-2: Ball
3-2: Foul Ball, location: 2F
3-2: Base on Balls
Batting: RHB Antonio Arechiga 0-0: Ball
1-0: Ball
2-0: Called Strike
2-1: Fielders Choice at 2nd, 6-4 (Groundball, 6, EV 91.2 MPH)
Batting: RHB Nick Ellis 0-0: Ball
Antonio Arechiga steals 2nd base (no throw)
1-0: Ball
2-0: Foul Ball, location: 2F
2-1: Ball
3-1: Ground out 5-3 (Groundball, 56, EV 98.1 MPH)
Bottom of the 5th over - 0 runs, 0 hits, 0 errors, 1 left on base; Houston 0 - Victoria 0
TOP OF THE 6TH
Houston Colt .45's batting - Pitching for Victoria Capitals : RHP Bill Van Buskirk
Pitching: RHP Kevin Stodart
Batting: RHB Jonathan Rausch 0-0: Ball
1-0: Called Strike
1-1: Ball
2-1: SINGLE (Line Drive, 6M, EV 97.5 MPH)
Batting: RHB Devon Healy 0-0: 2-RUN HOME RUN (Flyball, 7D, EV 93.1 MPH), Distance : 354 ft
Batting: LHB Vecdi Hodensack 0-0: Ground out 4-3 (Groundball, 4, EV 84.4 MPH)
Batting: RHB Doug Dark 0-0: Ball
1-0: Swinging Strike
1-1: Ball
2-1: Fly out, F9 (Flyball, 89D, EV 90.6 MPH)
Batting: RHB Jay Hussey 0-0: Ball
1-0: Swinging Strike
1-1: Called Strike
1-2: Strikes out swinging
Top of the 6th over - 2 runs, 2 hits, 0 errors, 0 left on base; Houston 2 - Victoria 0
BOTTOM OF THE 6TH
Victoria Capitals batting - Pitching for Houston Colt .45's : LHP Rich Miller
Pitching: LHP Jordan Garcia
Batting: RHB Hyeon-cheong Lee 0-0: Ball
1-0: DOUBLE (Line Drive, 9LS, EV 99.4 MPH)
Batting: SHB Rich Roberts 0-0: Ball
1-0: Called Strike
1-1: Ball
2-1: Swinging Strike
2-2: Ball
3-2: Base on Balls
Pinch Hitting: LHB Jason Cary 0-0: Ball
1-0: Called Strike
1-1: Foul Ball, location: 2F
1-2: Strikes out swinging
Pinch Hitting: RHB Roberto Medina 0-0: Ball
1-0: Ball
2-0: Ball
3-0: Base on Balls
Hyeon-cheong Lee to third
Rich Roberts to second
Pinch Hitting: RHB Jeremy Marin 0-0: Called Strike
0-1: Called Strike
0-2: Foul Ball, location: 2F
0-2: Strikes out swinging
Batting: RHB Josh Rentz 0-0: Swinging Strike
0-1: Ball
1-1: GRAND SLAM HOME RUN (Flyball, 7D, EV 98.8 MPH), Distance : 366 ft
Pitching: LHP Jared Simmers
Batting: RHB Mike Reynolds 0-0: Foul Ball, location: 2F
0-1: Ball
1-1: Foul Ball, location: 2F
1-2: SINGLE (Line Drive, 7LS, EV 112.5 MPH)
Batting: RHB Antonio Arechiga 0-0: Called Strike
0-1: Ball
1-1: Ground out 1-3 (Groundball, 15S, EV 70.6 MPH)
Bottom of the 6th over - 4 runs, 3 hits, 0 errors, 1 left on base; Houston 2 - Victoria 4
TOP OF THE 7TH
Houston Colt .45's batting - Pitching for Victoria Capitals : RHP Kevin Stodart
Now at 1B: Kevin Harris
Now at SS: Ron Mack
Now in LF: Rick Harrison
Batting: LHB Casper Significant 0-0: Called Strike
0-1: Foul Ball, location: 2F
0-2: Fly out, F9 (Flyball, 89S, EV 88.1 MPH)
Batting: LHB Pappy Sterile 0-0: Ball
1-0: Fly out, F8 (Flyball, 89XD, EV 95.6 MPH)
Batting: RHB Edward Chan 0-0: Ball
1-0: Ball
2-0: Ball
3-0: Base on Balls
Batting: RHB Ralph Baltimore 0-0: Ball
1-0: Ball
2-0: Ball
3-0: Base on Balls
Edward Chan to second
Batting: RHB Jonathan Rausch 0-0: Ball
1-0: Ball
2-0: Called Strike
2-1: Fly out, F7 (Flyball, 7, EV 95.6 MPH)
Top of the 7th over - 0 runs, 0 hits, 0 errors, 2 left on base; Houston 2 - Victoria 4
BOTTOM OF THE 7TH
Victoria Capitals batting - Pitching for Houston Colt .45's : LHP Jared Simmers
Batting: RHB Nick Ellis 0-0: Ball
1-0: Ball
2-0: Called Strike
2-1: Ball
3-1: Base on Balls
Batting: RHB Hyeon-cheong Lee 0-0: Called Strike
0-1: Foul Ball, location: 2F
0-2: Ball
Nick Ellis is caught stealing 2nd base 2-4
1-2: Fly out, F9 (Line Drive, 9, EV 95.0 MPH)
Batting: SHB Rich Roberts 0-0: SINGLE (Flyball, 78M, EV 98.1 MPH)
Batting: LHB Rick Harrison 0-0: Foul Ball, location: 2F
0-1: Foul Ball, location: 2F
0-2: Strikes out swinging
Bottom of the 7th over - 0 runs, 1 hit, 0 errors, 1 left on base; Houston 2 - Victoria 4
TOP OF THE 8TH
Houston Colt .45's batting - Pitching for Victoria Capitals : RHP Kevin Stodart
Batting: RHB Devon Healy 0-0: Called Strike
0-1: Foul Ball, location: 2F
0-2: Ball
1-2: Foul Ball, location: 2F
1-2: Strikes out looking
Batting: LHB Vecdi Hodensack 0-0: Ball
1-0: Ball
2-0: SOLO HOME RUN (Line Drive, 78XD, EV 107.5 MPH), Distance : 400 ft
Pitching: LHP Frank White
Batting: RHB Doug Dark 0-0: Ball
1-0: Fly out, F4 (Popup, 34D, EV 66.2 MPH)
Batting: RHB Jay Hussey 0-0: Foul Ball, location: 2F
0-1: Called Strike
0-2: Strikes out swinging
Top of the 8th over - 1 run, 1 hit, 0 errors, 0 left on base; Houston 3 - Victoria 4
BOTTOM OF THE 8TH
Victoria Capitals batting - Pitching for Houston Colt .45's : LHP Jared Simmers
Batting: RHB Kevin Harris 0-0: Ball
1-0: Ball
2-0: Foul Ball, location: 2F
2-1: Ground out 4-3 (Groundball, 4M, EV 80.0 MPH)
Batting: RHB Ron Mack 0-0: Called Strike
0-1: Foul Ball, location: 2F
0-2: Ball
1-2: Strikes out swinging
Batting: RHB Josh Rentz 0-0: Ball
1-0: Foul Ball, location: 2F
1-1: Ball
2-1: Called Strike
2-2: Strikes out swinging, 2-3 out at first.
Bottom of the 8th over - 0 runs, 0 hits, 0 errors, 0 left on base; Houston 3 - Victoria 4
TOP OF THE 9TH
Houston Colt .45's batting - Pitching for Victoria Capitals : LHP Frank White
Pitching: RHP Charlie Bowden
Pinch Hitting: RHB David Snyder 0-0: Ball
1-0: Ball
2-0: Swinging Strike
2-1: Ground out 5-3 (Groundball, 5, EV 77.5 MPH)
Pinch Hitting: RHB Daniel Gladkowski 0-0: Ball
1-0: Ball
2-0: Ground out 1-3 (Groundball, 13S, EV 70.0 MPH)
Batting: RHB Edward Chan 0-0: Ball
1-0: Ball
2-0: Called Strike
2-1: Ball
3-1: Called Strike
3-2: Base on Balls
Batting: RHB Ralph Baltimore 0-0: Ball
1-0: SINGLE (Groundball, 56D, EV 101.9 MPH)
Edward Chan to second
Batting: RHB Jonathan Rausch 0-0: Ball
1-0: Swinging Strike
1-1: SINGLE (Line Drive, 4M, EV 106.9 MPH)
Edward Chan to third
Ralph Baltimore to second
Batting: RHB Devon Healy 0-0: Ball
1-0: Ball
2-0: Ball
3-0: Called Strike
3-1: Fielders Choice at 2nd, 5-4 (Groundball, 5, EV 79.4 MPH)
Top of the 9th over - 0 runs, 2 hits, 0 errors, 3 left on base; Houston 3 - Victoria 4
Sunday, July 16th , 2023 - OOTP Baseball 24.6 Build 69